 Dungeon Crawl Stone Soup version 0.30-b1-2-g02819fbbbe (webtiles) character file.

Game seed: 5350223291804702881

300 nightchill the Poker (level 6, -4/56 HPs)
             Began as a Minotaur Fighter on Jan 17, 2024.
             Slain by an ogre
             ... wielding a +0 giant spiked club
              (7 damage)
             ... on level 4 of the Dungeon.
             The game lasted 00:05:11 (2372 turns).

nightchill the Poker (Minotaur Fighter)             Turns: 2372, Time: 00:05:11

Health: -4/56      AC: 10    Str: 23    XL:     6   Next: 13%
Magic:  5/5        EV:  8    Int:  5    God:
Gold:   256        SH:  4    Dex:  9    Spells: 5/5 levels left

rFire   . . .        a - +0 trident
rCold   . . .        c - +0 buckler
rNeg    . . .        p - +0 chain mail
rPois   .            (helmet restricted)
rElec   .            (no cloak)
rCorr   .            (no gloves)
SInv    .            l - +0 pair of boots
Will    .....        j - amulet of regeneration Stlth
                     (no ring)
HPRegen 1.09/turn    (no ring)
MPRegen 0.09/turn

%: no passive effects
@: no status effects
A: horns 2, retaliatory headbutt
a: no special abilities


You were on level 4 of the Dungeon.
You visited 1 branch of the dungeon, and saw 4 of its levels.

You collected 256 gold pieces.

Inventory:

Hand Weapons
 a - a +0 trident (weapon)
 A - a +0 trident
Missiles
 B - 7 javelins (quivered)
Armour
 b - a +0 scale mail
 c - a +0 buckler (worn)
 l - a +0 pair of boots (worn)
 p - a +0 chain mail (worn)
Jewellery
 j - an amulet of regeneration (around neck)
 t - an amulet of faith
Wands
 w - a wand of quicksilver (10)
Scrolls
 e - 3 scrolls of enchant armour {unknown}
 g - 5 scrolls of teleportation {unknown}
 i - a scroll of noise {unknown}
 m - a scroll of fog {unknown}
 n - a scroll of silence {unknown}
 o - 2 scrolls of poison {unknown}
 q - 4 scrolls of identify {unknown}
 s - a scroll of amnesia {unknown}
 u - a scroll of enchant weapon {unknown}
 v - 2 scrolls of immolation {unknown}
 y - a scroll of vulnerability {unknown}
Potions
 d - a potion of might
 f - a potion of attraction {unknown}
 h - a potion of ambrosia {unknown}
 k - 6 potions of curing {unknown}
 r - 2 potions of brilliance {unknown}
 x - a potion of mutation {unknown}
 z - a potion of flight {unknown}


   Skills:
 + Level 5.5 Fighting
 * Level 6.6 Polearms
 - Level 3.6 Armour
 - Level 3.6 Shields


You had 5 spell levels left.
You didn't know any spells.
Your spell library contained the following spells:

 Spells                   Type           Power      Damage    Failure   Level
 Beastly Appendage        Tmut           0%         N/A       98%         1
 Wereblood                Tmut           0%         N/A       99%         2
 Hailstorm                Conj/Ice       0%         3d3       100%        3
 Spider Form              Tmut/Pois      0%         N/A       100%        3
 Vhi's Electric Charge    Tloc/Air       0%         N/A       100%        3
 Ice Form                 Ice/Tmut       0%         N/A       100%        4
 Passage of Golubria      Tloc           0%         N/A       100%        4
 Arcjolt                  Conj/Air       0%         1d10      100%        5
 Silence                  Hex/Air        0%         N/A       100%        5
 Plasma Beam              Fire/Air       0%         2x1d11    100%        6
 Simulacrum               Ice/Necr       0%         N/A       100%        6
 Lehudib's Crystal Spear  Conj/Erth      0%         10d2      100%        8


Dungeon Overview and Level Annotations

Branches:
Dungeon (4/15)
 Temple: D:4-7

Altars:
Dithmenos
Gozag
Makhleb

Annotations:
D:2 exclusion: downstairs


Innate Abilities, Weirdness & Mutations

You have a pair of horns on your head.
You reflexively headbutt those who attack you in melee.


Message History

You headbutt the orc wizard! You hit the orc wizard.
You kill the orc wizard!
No target in view!
Things that are here:
a +0 dagger; a +0 robe You now have 256 gold pieces (gained 6).
A ball python comes into view.
Found a stone staircase leading down.
The ball python hisses angrily.
A ball python is nearby!
You reach to attack!
You puncture the ball python!
You kill the ball python!
No target in view!
No target in view!
An ogre comes into view. It is wielding a +0 giant spiked club.
The ogre shouts!
An ogre is nearby!
An ogre is nearby!
You reach to attack!
You barely miss the ogre. You hit the ogre.
The ogre is lightly wounded.
The ogre barely misses you. You furiously retaliate!
You headbutt the ogre! You barely miss the ogre.
The ogre is heavily wounded.
The ogre hits you with a +0 giant spiked club!!
Ouch! That really hurt!
* * * LOW HITPOINT WARNING * * *
You are too injured to fight recklessly!
You are too injured to fight recklessly!
You hit the ogre.
The ogre is heavily wounded.
You hit the ogre. Your headbutt misses the ogre.
The ogre is severely wounded.
The ogre hits you with a +0 giant spiked club!!
* * * LOW HITPOINT WARNING * * *
You hit the ogre.
The ogre is almost dead.
The ogre hits you with a +0 giant spiked club!
You die...

#........##.
####........
##...##.# ##..#...
#...... ##.#...
#.##.#
#.#############
#.....
#....O@.......#
#####.
#############.# #.
#.# #. #.# #.
#########.# #)
#.........########.
#.##########.......
#....)....#........
#.#######.#.##.###.


You could see an ogre.

Vanquished Creatures
  An ogre (D:4)
  An orc priest (D:4)
  2 orc wizards (D:4)
  Robin (D:3)
  3 adders
  2 dart slugs (D:1)
  8 orcs
  4 endoplasms
  2 giant cockroaches
  18 goblins
  12 hobgoblins
  6 quokkas
  6 ball pythons
  7 bats
  A frilled lizard (D:2)
  8 kobolds
  9 rats
91 creatures vanquished.

Vanquished Creatures (others)
  9 plants
9 creatures vanquished.

Grand Total: 100 creatures vanquished

Notes
Turn   | Place    | Note
-------+----------+-------------------------------------------
     0 | D:1      | nightchill the Minotaur Fighter began the quest for the
                  | Orb.
     0 | D:1      | Reached XP level 1. HP: 19/19 MP: 0/0
   212 | D:1      | Reached skill level 3 in Polearms
   311 | D:1      | Reached XP level 2. HP: 27/27 MP: 1/1
   877 | D:2      | Reached XP level 3. HP: 33/33 MP: 2/2
   945 | D:2      | Reached skill level 4 in Polearms
  1254 | D:2      | Reached XP level 4. HP: 41/41 MP: 3/3
  1426 | D:3      | Noticed Robin
  1513 | D:3      | Killed Robin
  1611 | D:3      | Found a shadowy altar of Dithmenos.
  1611 | D:3      | Found an opulent altar of Gozag.
  1679 | D:3      | Reached skill level 5 in Polearms
  1996 | D:4      | Found a burning altar of Makhleb.
  2058 | D:4      | Reached skill level 5 in Fighting
  2058 | D:4      | Reached XP level 5. HP: 48/48 MP: 4/4
  2096 | D:4      | Noticed an ogre
  2103 | D:4      | Killed an ogre
  2104 | D:4      | Reached skill level 6 in Polearms
  2309 | D:4      | Reached XP level 6. HP: 56/56 MP: 5/5
  2371 | D:4      | HP: 2/56 [ogre/+0 giant spiked club (23)]
  2372 | D:4      | Slain by an ogre

Illustrated notes

Levels and vault maps discovered:
D:1:      lemuel_arrival_room, layout_loops_corners, serial_bayou_ford_a,
          minmay_misc_feat_encased
D:2:      layout_rooms, kennysheep_nub, guppyfry_early_lair_pool
D:3:      layout_basic, mainiacjoe_overflow_divided_tiny,
          minmay_misc_feat_cross, uniq_robin
D:4:      cheibrodos_old_hovel, layout_loops_ring,
          mainiacjoe_overflow_six_doors_small, hangedman_decor_clover_reticule,
          minivault_26

Skill      XL: |  1  2  3  4  5 |
---------------+----------------+-----
Polearms       | 3 4 5 6 |  6.6
Fighting       | 4 5 |  5.5
Armour         | |  3.6
Shields        | |  3.6

Action                     |  1- 3 |  4- 6 || total
---------------------------+-------+-------++-------
  Melee: Trident           |   109 |   120 ||   229
         Headbutt          |     8 |     7 ||    15
 Armour: Scale mail        |    36 |     5 ||    41
         Chain mail        |       |    38 ||    38
  Dodge: Dodged            |    36 |    35 ||    71
  Block: Buckler           |    13 |    17 ||    30
